Map: Jagannatha LE

Players

blcyber - Winner!

  • Race: Zerg Zerg
  • League: Gold

A.I. 1 (Very Easy)

  • Race: Terran Terran

VOD

Have the link to the VOD?

Description

Time

  • Played on: June 21, 2021, 6:26 p.m.
  • Length: 12:34
Show
View Real Time Build Order
Export as new Build Order

blcyber Zerg - Winner!

Build Orders: Hatch First 

Get SALT Encoding   

  12  0:02  Drone  
  13  0:13  Overlord  
  13  0:32  Drone x3  
  16  0:54  Drone  
  17  0:58  Drone  
  17  1:00  Hatchery  
  17  1:12  Extractor  
  17  1:15  Spawning Pool  
  17  1:17  Drone  
  16  1:24  Drone  
  17  1:26  Drone  
  18  1:37  Drone  
  19  1:48  Drone  
  20  2:00  Overlord  
  20  2:05  Queen  
  22  2:11  Queen  
  24  2:18  Metabolic Boost  
  24  2:39  Zergling x2  
  24  2:40  Zergling x4  
  27  2:44  Hatchery  
  27  2:50  Queen  
  28  2:57  Drone x5  
  33  3:03  Overlord  
  33  3:20  Overlord  
  33  3:22  Drone  
  33  3:23  Drone x4  
  38  3:29  Queen  
  40  3:46  Drone  
  40  3:47  Drone  
  42  3:52  Drone x3  
  42  3:54  Drone  
  46  4:01  Overlord  
  46  4:02  Queen  
  48  4:29  Drone x4  
  48  4:30  Drone x2  
  54  4:47  Extractor  
  54  4:48  Drone x3  
  54  4:52  Evolution Chamber  
  55  4:53  Evolution Chamber  
  55  4:56  Queen  
  56  5:11  Baneling Nest  
  55  5:32  Overlord  
  55  5:34  Lair  
  55  5:38  Drone  
  55  5:39  Drone x6  
  55  5:40  Drone x4  
  66  5:56  Overlord  
  66  5:58  Queen  
  68  6:07  Zerg Melee Weapons Level 1  
  68  6:08  Zerg Ground Armor Level 1  
  69  6:18  Drone x3  
  69  6:20  Drone  
  69  6:23  Spore Crawler  
  69  6:25  Hatchery  
  70  6:29  Hatchery  
  70  6:30  Spore Crawler  
  67  6:34  Spore Crawler  
  66  6:43  Baneling  
  66  6:51  Extractor  
  65  6:57  Drone x3, Extractor  
  65  6:58  Extractor  
  65  6:59  Drone x3  
  65  7:01  Drone  
  70  7:12  Extractor  
  70  7:14  Drone x2  
  71  7:18  Drone  
  72  7:24  Drone x2  
  72  7:25  Overlord  
  72  7:28  Centrifical Hooks  
  74  7:35  Hydralisk Den  
  73  7:40  Zergling x2  
  73  7:41  Zergling x10  
  73  7:42  Zergling x8  
  73  7:43  Zergling x12  
  89  7:45  Overlord  
  89  7:57  Queen  
  91  8:05  Overlord  
  91  8:06  Zerg Melee Weapons Level 2  
  91  8:07  Zerg Ground Armor Level 2  
  91  8:10  Grooved Spines  
  91  8:11  Drone x5  
  91  8:12  Drone x7  
  103  8:13  Drone x2  
  105  8:43  Zergling x6  
  105  8:44  Zergling x8  
  105  8:45  Zergling x12  
  105  8:47  Overlord  
  118  8:49  Overlord  
  118  9:02  Baneling  
  118  9:03  Baneling x6  
  118  9:14  Overlord  
  118  9:19  Hydralisk  
  118  9:20  Hydralisk x2  
  118  9:21  Muscular Augments  
  124  9:29  Extractor  
  124  9:30  Infestation Pit, Spore Crawler, Extractor  
  120  9:32  Drone x3  
  120  9:33  Drone  
  120  9:34  Drone x2  
  126  9:40  Drone x2  
  126  9:42  Drone x3  
  131  9:51  Overlord  
  131  9:52  Hydralisk  
  131  9:55  Hydralisk x4  
  131  9:56  Zergling x2  
  131  9:59  Overlord  
  142  10:10  Hive  
  142  10:21  Lurker Den  
  141  10:23  Drone x2  
  141  10:24  Drone  
  141  10:25  Drone x2  
  141  10:26  Drone  
  141  10:27  Overlord  
  147  10:30  Zergling x10  
  147  10:31  Zergling x4  
  147  10:32  Zergling x8  
  158  10:46  Evolution Chamber  
  157  10:55  Overlord x3  
  157  10:56  Overlord  
  157  11:02  Zergling x2, Hydralisk x4  
  166  11:16  Overlord  
  166  11:17  Zergling x6, Hydralisk x4  
  166  11:18  Hydralisk x2  
  179  11:19  Zergling x16  
  179  11:21  Zergling x4  
  179  11:22  Zergling x2  
  192  11:31  Adaptive Talons  
  192  11:48  Hydralisk x4  
  192  11:49  Zergling x2, Hatchery  
  200  12:02  Hatchery  
Show
View Real Time Build Order
Export as new Build Order

A.I. 1 (Very Easy) Terran 

Build Orders: Reaper Expand 

Get SALT Encoding   

  12  0:00  SCV  
  13  0:13  SCV  
  14  0:18  Supply Depot  
  14  0:40  Barracks  
  14  1:03  Command Center  
  14  1:27  Orbital Command  
  14  1:28  Marine  
  14  1:30  Supply Depot  
  15  1:37  Refinery  
  15  1:48  Refinery  
  15  1:52  SCV  
  16  2:05  SCV  
  17  2:16  Reaper  
  17  2:17  SCV  
  17  2:18  SCV  
  20  2:29  SCV  
  21  2:33  SCV  
  22  2:41  SCV  
  23  2:47  SCV  
  23  2:48  Refinery  
  24  2:54  SCV  
  25  2:58  Marine  
  25  3:01  SCV  
  27  3:09  SCV  
  28  3:13  Factory  
  28  3:16  SCV  
  29  3:37  Refinery  
  29  3:39  SCV  
  29  3:40  Marine  
  31  3:46  SCV  
  32  3:52  Supply Depot  
  32  3:53  SCV  
  33  4:01  SCV  
  33  4:02  Starport  
  34  4:08  SCV  
  35  4:15  SCV  
  36  4:22  SCV  
  36  4:23  Reaper  
  38  4:29  SCV  
  39  4:33  Supply Depot  
  39  4:36  SCV  
  40  4:40  Starport Tech Lab  
  40  4:44  SCV  
  41  4:51  SCV  
  42  4:55  Barracks Tech Lab  
  42  4:58  SCV  
  42  4:59  Raven  
  45  5:05  SCV  
  46  5:12  SCV  
  46  5:14  Marine  
  48  5:42  Raven  
  50  5:56  Marine  
  51  6:39  Marauder  
  53  10:47  Medivac  
  53  10:48  Marauder  
  57  10:51  Supply Depot  
  57  10:52  SCV  
  57  11:09  Reaper  
  53  11:17  Medivac  
  49  11:18  Command Center  
  49  11:28  SCV  
  49  11:41  Marine  
  50  11:47  Raven  
  52  11:59  Reaper  
  51  12:03  Supply Depot  
  50  12:12  SCV  
Tags
 
Add a new tag
Caveats
  • Supply blocks, unpowered buildings, or Contaminate may cause inaccurate times.
  • Supply counts are checked every 10 seconds.